 Dungeon Crawl Stone Soup version 0.30.0 (webtiles) character file.

Game seed: 1260023198980356466

334 samcosmo the Magician (level 6, -1/52 HPs)
             Began as a Deep Elf Conjurer on July 3, 2023.
             Slain by a cerulean imp
             ... wielding a +2 spear
             ... summoned by Natasha
              (4 damage)
             ... on level 3 of the Dungeon.
             The game lasted 00:08:10 (2548 turns).

samcosmo the Magician (Deep Elf Conjurer)           Turns: 2548, Time: 00:08:11

Health: -1/52      AC: 23    Str:  4    XL:     6   Next: 27%
Magic:  16/26      EV:  2    Int: 25    God:
Gold:   77         SH:  0    Dex: 13    Spells: 14/17 levels left

rFire   . . .        c - +1 rapier "Ytodgha Duoss" {heavy, +Blink rC+ rCorr MP+9}
rCold   + . .        (no shield)
rNeg    . . .        a - melded +1 robe
rPois   +            k - melded +0 helmet
rElec   .            q - melded scarf {shadows}
rCorr   +            (gloves currently unavailable)
SInv    .            (boots currently unavailable)
Will    .....        (no amulet)
Stlth   ++           (no ring)
HPRegen 0.28/turn    (no ring)
MPRegen 0.20/turn

%: no passive effects
@: tree-form, slowed, very slow
A: stationary, stasis, torment immunity, boosted hp
a: Evoke Blink


You were on level 3 of the Dungeon.
You were a tree.
You visited 1 branch of the dungeon, and saw 3 of its levels.

You collected 77 gold pieces.

Inventory:

Hand Weapons
 c - the +1 rapier "Ytodgha Duoss" (weapon) {heavy, +Blink rC+ rCorr MP+9}
   (You acquired it on level 3 of the Dungeon)

   rC:        It protects you from cold.
   MP:        It affects your magic capacity (+9).
   +Blink:    It lets you blink.
   rCorr:     It protects you from acid and corrosion.
Armour
 a - a +1 robe (melded)
 k - a +0 helmet (melded)
 q - a scarf of shadows (melded)
Wands
 m - a wand of quicksilver (10)
Scrolls
 d - a scroll of teleportation
 e - 3 scrolls of blinking {unknown}
 f - 2 scrolls of identify
 j - a scroll of amnesia {unknown}
 l - a scroll of enchant weapon
Potions
 b - 3 potions of magic
 g - 2 potions of lignification
 h - 2 potions of berserk rage {unknown}
 i - 2 potions of mutation {unknown}
 n - a potion of attraction {unknown}
 o - a potion of resistance {unknown}
 p - 2 potions of curing {unknown}


   Skills:
 + Level 2.2 Fighting
 - Level 2.4 Dodging
 - Level 2.4 Stealth
 * Level 6.4 Spellcasting
 + Level 5.5 Conjurations
 + Level 1.6 Evocations


You had 14 spell levels left.
You knew the following spells:

 Your Spells              Type           Power      Damage    Failure   Level
a - Magic Dart            Conj           100%       1d8       1%          1
b - Searing Ray           Conj           70%        2d7       1%          2

Your spell library contained the following spells:

 Spells                   Type           Power      Damage    Failure   Level
 Dazzling Flash           Conj/Hex       42%        N/A       7%          3
 Ozocubu's Armour         Ice            8%         N/A       22%         3
 Summon Guardian Golem    Hex/Summ       8%         N/A       22%         3
 Fulminant Prism          Conj/Hex       10%        3d8       22%         4
 Iskenderun's Mystic Bla  Conj/Tloc      21%        2d6       22%         4
 Orb of Destruction       Conj           17%        9d7       99%         7
 Ozocubu's Refrigeration  Ice            4%         4d8       100%        7
 Spellforged Servitor     Conj/Summ      10%        N/A       100%        7


Dungeon Overview and Level Annotations

Branches:
Dungeon (3/15)

Altars:
Qazlal

Annotations:
D:3 1 runed translucent door, Natasha; Vixxxy's ghost, weakling KoDe


Message History

Press: ? - help, Shift-Dir - straight line, f - orc
Aim: an orc, wielding a +0 whip (81% to hit)
The searing ray hits the orc.
The orc is severely wounded. (Press . to maintain the ray.)
The orc barely misses you.
The searing ray hits the orc.
You kill the orc!
You start resting.
Natasha, Servant of Life and Death comes into view.
You are too injured to fight recklessly!
Okay, then.
Natasha stares at you and mumbles some strange words.
The magic dart hits you!
* * * LOW HITPOINT WARNING * * *
Okay, then.
Okay, then.
Okay, then.
Really quaff the potion of lignification?
You turn into a tree.
Your scarf of shadows melds into your body.
Your +0 helmet melds into your body.
Your +1 robe melds into your body.
The dungeon's light returns to normal.
Your roots penetrate the ground.
Vixxxy's ghost whispers, "The ORB doesn't exist."
Natasha casts a spell.
You hit Natasha.
Natasha is lightly wounded.
Natasha casts a spell.
The cerulean imp hits you from afar with a +1 spear.
* * * LOW HITPOINT WARNING * * *
Natasha casts a spell at you.
You feel yourself slow down.
The cerulean imp hits you but does no damage.
You puncture Natasha!
Natasha is almost dead.
Natasha claws you.
* * * LOW HITPOINT WARNING * * *
The cerulean imp hits you but does no damage.
The cerulean imp hits you from afar with a +2 spear.
You die...

#......#.................
#........................
#....##..................
#....##....#########....#
#....##....#......b#....#
#....##....#.../)..#.....
#..........#..#.#..#..#..
#......#...#.#.. #.#..#..
#####...♣..#W.# #..#..#..
#...h).#.......#.....
#(.55..#b... ..#.....
#......###+ ...##
#.......... ...
#.....))).. ..
....≈....)###..
.≈..≈..........
≈.≈.≈......$..


You could see Natasha, Vixxxy's ghost and 2 cerulean imps.

Vanquished Creatures
  A sky beast (D:3)
  3 orc priests (D:3)
  Jessica (D:2)
  Terence (D:2)
  An adder (D:3)
  3 gnolls (D:2)
  A worm (D:1)
  2 dart slugs
  3 orcs (D:3)
  3 bats (D:2)
  6 endoplasms
  5 giant cockroaches
  3 goblins
  3 hobgoblins
  8 kobolds
  5 quokkas
  3 ball pythons (D:1)
  4 frilled lizards
  3 rats (D:1)
59 creatures vanquished.

Notes
Turn   | Place    | Note
-------+----------+-------------------------------------------
     0 | D:1      | samcosmo the Deep Elf Conjurer began the quest for the Orb.
     0 | D:1      | Reached XP level 1. HP: 10/10 MP: 6/6
   271 | D:1      | Reached XP level 2. HP: 16/16 MP: 2/8
   327 | D:1      | Learned a level 2 spell: Searing Ray
   756 | D:1      | Found a faded altar of an unknown god.
   861 | D:1      | Reached skill level 4 in Spellcasting
   991 | D:1      | Reached XP level 3. HP: 20/20 MP: 5/10
  1129 | D:2      | Reached skill level 1 in Fighting
  1356 | D:2      | Reached XP level 4. HP: 25/25 MP: 6/12
  1477 | D:2      | Noticed Terence
  1490 | D:2      | Killed Terence
  1491 | D:2      | Reached skill level 5 in Spellcasting
  1491 | D:2      | Reached skill level 5 in Conjurations
  1605 | D:2      | Noticed Jessica
  1609 | D:2      | Killed Jessica
  2012 | D:3      | Identified a scroll of acquirement
  2012 | D:3      | Acquired the +1 rapier "Ytodgha Duoss" {heavy, +Blink rC+
                  | rCorr MP+9}
  2213 | D:3      | Reached XP level 5. HP: 30/30 MP: 14/14
  2362 | D:3      | Found a stormy altar of Qazlal.
  2364 | D:3      | Noticed a sky beast
  2398 | D:3      | Killed a sky beast
  2399 | D:3      | Reached skill level 6 in Spellcasting
  2399 | D:3      | Reached skill level 1 in Evocations
  2492 | D:3      | Found a runed translucent gate.
  2516 | D:3      | Reached XP level 6. HP: 35/35 MP: 17/17
  2536 | D:3      | Noticed Natasha
  2542 | D:3      | Noticed Vixxxy's ghost (weakling KoDe)
  2548 | D:3      | Slain by a cerulean imp

Illustrated notes

Levels and vault maps discovered:
D:1:      heliophobic_arrival_henge, layout_loops_ring, basic_ecumenical_altar,
          amcnicky_mini_corridor_feature, st_stairs_8, minmay_misc_feat_rows,
          minmay_misc_feat_tiny
D:2:      layout_basic, minmay_misc_feat_cross, minmay_split_cup_small,
          uniq_jessica, uniq_terence
D:3:      layout_basic, nicolae_uskayaw_suspiria,
          nicolae_qazlal_beasts_of_the_sky, nicolae_overflow_hidden_temple,
          lemuel_zombie_altar_yredelemnul, gammafunk_ghost_split, uniq_natasha

Skill      XL: |  1  2  3  4  5 |
---------------+----------------+-----
Spellcasting   | 4 5 6 |  6.4
Fighting       | 1 2 |  2.2
Conjurations   | 5 |  5.5
Evocations     | 1 |  1.6
Dodging        | |  2.4
Stealth        | |  2.4

Action                     |  1- 3 |  4- 6 || total
---------------------------+-------+-------++-------
  Melee: Unarmed           |     1 |       ||     1
         Rapier            |       |    12 ||    12
   Cast: Magic Dart        |    70 |    46 ||   116
         Searing Ray       |     1 |     6 ||     7
    Use: Scroll            |       |     7 ||     7
         Potion            |       |     4 ||     4
   Stab: Sleeping          |     1 |       ||     1
 Armour: Robe              |     2 |     3 ||     5
         Skin              |       |    14 ||    14
  Dodge: Dodged            |     5 |     8 ||    13
